 Dungeon Crawl Stone Soup version 0.32-a0-558-g233958a4c4 (webtiles) character file.

Game seed: 4223968533827478009

27 ragingrage the Sneak (level 2, 0/26 HPs)
             Began as a Draconian Delver on Feb 29, 2024.
             Succumbed to an adder's poison
             ... on level 5 of the Dungeon.
             The game lasted 00:00:41 (533 turns).

ragingrage the Sneak (Draconian Delver)              Turns: 533, Time: 00:00:41

Health: 0/26       AC:  4    Str: 14    XL:     2   Next: 93%
Magic:  2/2        EV: 12    Int: 10    God:
Gold:   11         SH:  0    Dex: 12    Spells: 1/1 levels left

rFire   . . .        g - +0 long sword
rCold   . . .        (no shield)
rNeg    . . .        (body armour unavailable)
rPois   .            (helmet restricted)
rElec   .            (no cloak)
rCorr   .            (no gloves)
SInv    .            (no boots)
Will    .....        (no amulet)
Stlth   +++          (no ring)
HPRegen 0.24/turn    (no ring)
MPRegen 0.08/turn

%: no passive effects
@: lethally poisoned (0 -> -3)
A: AC +4, unfitting armour, cold-blooded
a: no special abilities


You were on level 5 of the Dungeon.
You visited 1 branch of the dungeon, and saw 2 of its levels.

You collected 11 gold pieces.

Inventory:

Hand Weapons
 g - a +0 long sword (weapon)
Wands
 f - a wand of digging (3)
Scrolls
 b - a scroll of fog
 c - a scroll of revelation
 d - a scroll of fear


   Skills:
 - Level 3.2 Fighting
 + Level 3.5 Long Blades
 - Level 1.7 Dodging
 - Level 4.5 Stealth


You had one spell level left.
You didn't know any spells.
Your spell library was empty.

Dungeon Overview and Level Annotations

Branches:
Dungeon (6/15)
 Temple: D:4-7

Altars:

Annotations:
D:5 exclusion: downstairs


Innate Abilities, Weirdness & Mutations

Your plain brown scales are hard. (AC +4)
You cannot fit into any form of body armour.
You are cold-blooded and may be slowed by cold attacks.


Message History

The dart slug launches a dart at you. The slug dart hits you.
A dart slug comes into view.
The dart slug completely misses you.
You enter the shallow water.
Moving in this stuff is going to be slow.
Your extra speed is starting to run out.
Why would you want to do that? Why would you want to do that?
The dart slug misses you. The dart slug launches a dart at you.
The slug dart hits you.
A dart slug comes into view.
The adder hisses angrily.
The dart slug launches a dart at you. The slug dart hits you.
* * * LOW HITPOINT WARNING * * *
The dart slug launches a dart at you. The slug dart misses you.
Your unstable footing causes you to fumble your attack.
The adder bites you.
* * * LOW HITPOINT WARNING * * *
You miss the adder. The adder misses you.
You feel yourself slow down. The adder bites you but does no damage.
The adder bites you.
* * * LOW HITPOINT WARNING * * *
You are lethally poisoned!
The adder poisons you!
Unknown command.
* * * LOW HITPOINT WARNING * * *
You feel sick. The adder closely misses you.
The dart slug launches a dart at you. The slug dart misses you.
You see here 13 gold pieces.
A dart slug comes into view.
* * * LOW HITPOINT WARNING * * *
You feel sick.
Unknown command.
Unknown command.
You die...

#####......#............
...........########(....
.....~~w~~......# #####+
....##≈w≈s~w....#
..w~≈≈≈w#~≈≈~...#
.~≈≈≈~(?.~≈≈≈~..#
.#≈≈≈.~S$≈≈≈≈≈..#
~##≈≈≈~.#~##≈≈~.########
~~~≈≈≈~@~#~≈≈≈≈~........
≈≈~≈≈~!..~~~~≈~~........
≈~~~≈~.<.~≈≈~~~.........
≈≈~~~~...#≈≈≈~#~........
≈≈≈~≈~~.≈≈≈≈≈≈~~ .......
w≈≈≈≈~..~~≈≈≈#~#########
.~#≈≈~...≈≈#≈~....#.....
.~≈≈≈≈<.~≈≈≈≈~....#.....
~≈~~~~≈≈~#....#.....


You could see a scorpion, an adder and 6 dart slugs.

Vanquished Creatures
  An iguana (D:6)
  A dart slug (D:5)
2 creatures vanquished.

Notes
Turn   | Place    | Note
-------+----------+-------------------------------------------
     0 | D:5      | ragingrage the Draconian Delver began the quest for the
                  | Orb.
     0 | D:5      | Reached XP level 1. HP: 19/19 MP: 1/1
    23 | D:6      | Noticed a scorpion
   478 | D:6      | Noticed an iguana
   486 | D:6      | Killed an iguana
   487 | D:6      | Reached XP level 2. HP: 8/26 MP: 2/2
   502 | D:5      | Noticed a scorpion
   531 | D:5      | HP: 1/26 [poisoned by an adder]
   533 | D:5      | Succumbed to an adder's poison

Illustrated notes

Levels and vault maps discovered:
D:5:      kennysheep_slugbush, layout_gridville
D:6:      layout_basic, elyvilon_altar_3, minmay_temple_entry_gardened_gates,
          nicolae_specific_store, uniq_jeremiah, uniq_menkaure

Skill      XL: |  1 |
---------------+----+-----
Long Blades    | 3 |  3.5
Fighting       | |  3.2
Dodging        | |  1.7
Stealth        | |  4.5

Action                     || total
---------------------------++-------
  Melee: Long sword        ||     8
         Falchion          ||     4
         Tailslap          ||     1
    Use: Potion            ||     2
 Armour: Skin              ||    10
  Dodge: Dodged            ||    12

Table legend: (Time is in decaauts)
 A = Elapsed time spent in this place.
 B = Non-inter-level travel time spent in this place.
 C = Inter-level travel time spent in this place.
 D = Time resting spent in this place.
 E = Time spent auto-exploring this place.
 F = Levels seen in this place.
 G = Mean time per level.
                   A        B        C        D        E       F      G
               +--------+--------+--------+--------+--------+-----+--------+
         Total |    520 |    459 |     61 |    200 |    172 |   2 |  260.0 |
       Dungeon |    520 |    459 |     61 |    200 |    172 |   2 |  260.0 |
               +--------+--------+--------+--------+--------+-----+--------+

Top non-repeatable levels by time:
     D:5: 508 daAuts
     D:6: 11 daAuts
